 Dungeon Crawl Stone Soup version 0.18.1-5-g4a78601 (webtiles) character file.

1260 Scarto the Chopper (level 8, -8/73 HPs)
             Began as a Hill Orc Fighter on May 10, 2016.
             Was an Initiate of Beogh.
             Mangled by Joseph
             ... wielding a +1 quarterstaff of crushing
              (14 damage)
             ... on level 7 of the Dungeon.
             The game lasted 00:11:21 (5407 turns).

Scarto the Chopper (Hill Orc Fighter)               Turns: 5407, Time: 00:11:23

Health: -8/73      AC:  0    Str: 24    XL:     8   Next: 52%
Magic:  8/8        EV:  9    Int:  8    God:    Beogh [......]
Gold:   273        SH: 15    Dex: 10    Spells: 0 memorised, 7 levels left

rFire  . . .     SeeInvis .     z - -1 war axe (curse)
rCold  . . .     Gourm    .     (no armour)
rNeg   . . .     Faith    .     g - +4 shield
rPois  +         Spirit   .     (no helmet)
rElec  .         Dismiss  .     (no cloak)
rCorr  .         Reflect  .     (no gloves)
SustAt .         Harm     .     (no boots)
MR     .....                    (no amulet)
Stlth  +.........               h - +3 ring of strength
                                x - ring of poison resistance

@: not resistant to hostile enchantments, very unstealthy
A: no striking features
a: Renounce Religion


You were on level 7 of the Dungeon.
You worshipped Beogh.
Beogh was noncommittal.
You were full.

You visited 1 branch of the dungeon, and saw 7 of its levels.

You collected 273 gold pieces.

Inventory:

Hand Weapons
 a - a +0 war axe
 i - a +0 hand axe of electrocution
 z - a cursed -1 war axe (weapon)
Missiles
 A - 10 tomahawks (quivered)
Armour
 b - a +0 scale mail
 c - a +0 shield
 g - a +4 shield (worn)
 y - a +0 plate armour
Jewellery
 h - a +3 ring of strength (right hand)
 t - a +3 ring of dexterity
 x - a ring of poison resistance (left hand)
 D - an uncursed ring of resist corrosion
Scrolls
 k - 2 scrolls of immolation
 q - a scroll of recharging
 v - a scroll of noise {unknown}
 E - 2 scrolls of identify {unknown}
Potions
 e - a potion of brilliance {unknown}
 f - a potion of might
 l - 2 potions of magic {unknown}
 m - 2 potions of resistance {unknown}
 p - a potion of cure mutation {unknown}
 r - 2 potions of degeneration {unknown}
 s - a potion of ambrosia {unknown}
 u - 2 potions of flight {unknown}
 B - 2 potions of heal wounds {unknown}
 F - a potion of invisibility {unknown}
 G - a potion of curing {unknown}
Comestibles
 d - a fruit
 j - 2 bread rations
 o - a meat ration
 w - a slice of pizza
 C - a beef jerky


   Skills:
 + Level 7.2 Fighting
 + Level 7.2 Axes
 + Level 6.2 Armour
 + Level 6.2 Shields


You had 7 spell levels left.
You didn't know any spells.

Dungeon Overview and Level Annotations

Branches:
Dungeon (7/15)             Temple (0/1) D:5

Altars:
Elyvilon
Trog

Annotations:
D:7 Joseph


Message History

You block the orc warrior's attack.
Joseph hits you with an uncursed quarterstaff of crushing!
* * * LOW HITPOINT WARNING * * *
x2 You closely miss the orc warrior.
The orc warrior is lightly wounded.
You barely miss Joseph.
Joseph is moderately wounded.
You block the orc warrior's attack. Joseph barely misses you.
You barely miss the orc warrior.
The orc warrior is lightly wounded.
You hit Joseph but do no damage.
Joseph is moderately wounded.
You block the orc warrior's attack. You block Joseph's attack.
You hit the orc warrior.
The orc warrior is moderately wounded.
You barely miss Joseph.
Joseph is moderately wounded.
You block the orc warrior's attack.
Joseph hits you with an uncursed quarterstaff of crushing!
You die...

#.# #.# #.# #.# #.#
#.# ##.###.####
#.........#########
##.###..(.(o@@oo..#
#......ยง#####.#
............#
.(..............
..............###
..............@.
......?.......#.#
............#.#.#


You could see Joseph, an orc warrior and 2 orcs.

Vanquished Creatures
  Menkaure (D:6)
  An orc warrior (D:4)
  2 sky beasts (D:5)
  An ice beast (D:5)
  An ogre (D:5)
  A centaur (D:5)
  2 giant frogs
  A crimson imp (D:6)
  A giant frog zombie (D:5)
  5 hounds
  3 worker ants
  A howler monkey skeleton (D:6)
  9 adders
  2 shadow imps
  An ooze (D:2)
  2 worms
  2 dart slugs
  13 orcs
  5 giant cockroaches
  12 goblins
  8 hobgoblins
  2 jackals (D:3)
  3 quokkas
  A ball python (D:5)
  8 bats
  A giant newt (D:6)
  7 kobolds
  A quokka zombie (D:6)
  8 rats
105 creatures vanquished.

Notes
Turn   | Place    | Note
--------------------------------------------------------------
     0 | D:1      | Scarto the Hill Orc Fighter began the quest for the Orb.
     0 | D:1      | Reached XP level 1. HP: 19/19 MP: 1/1
   229 | D:1      | Reached XP level 2. HP: 27/27 MP: 2/2
   555 | D:1      | Reached XP level 3. HP: 33/33 MP: 3/3
   827 | D:2      | Reached XP level 4. HP: 40/41 MP: 4/4
  1061 | D:2      | Found a bloodstained altar of Trog.
  1990 | D:3      | Reached XP level 5. HP: 47/47 MP: 5/5
  2037 | D:4      | Noticed an orc warrior
  2046 | D:4      | Killed an orc warrior
  2046 | D:4      | Reached skill level 5 in Fighting
  2430 | D:4      | You fall through a shaft for 2 floors!
  2456 | D:6      | Reached XP level 6. HP: 56/56 MP: 6/6
  2487 | D:6      | Reached skill level 5 in Axes
  2724 | D:6      | Found a white marble altar of Elyvilon.
  2796 | D:6      | Noticed Menkaure
  2809 | D:6      | Killed Menkaure
  2809 | D:6      | Reached skill level 5 in Armour
  2809 | D:6      | Reached skill level 5 in Shields
  2809 | D:6      | Reached XP level 7. HP: 11/62 MP: 7/7
  3487 | D:6      | Became a worshipper of Beogh the Brigand
  3759 | D:5      | Entered Level 5 of the Dungeon
  4223 | D:5      | Reached XP level 8. HP: 19/71 MP: 8/8
  4729 | D:5      | Found a staircase to the Ecumenical Temple.
  5383 | D:7      | Noticed Joseph
  5407 | D:7      | Mangled by Joseph

Skill      XL: |  1  2  3  4  5  6  7  8 |
---------------+-------------------------+-----
Axes           | 3 4 5 6 7 |  7.2
Fighting       | 4 5 6 7 |  7.2
Shields        | 4 5 6 |  6.2
Armour         | 4 5 6 |  6.2

Action                   |  1- 3 |  4- 6 |  7- 9 || total
-------------------------+-------+-------+-------++-------
Melee: War axe           |    23 |       |    12 ||    35
       Hand axe          |    86 |   152 |   166 ||   404
Invok: Convert to Beogh  |       |       |     1 ||     1
  Use: Scroll            |       |     6 |     3 ||     9
       Potion            |       |     1 |       ||     1
  Eat: Bread ration      |       |     2 |     2 ||     4
       Fruit             |       |       |     3 ||     3
Armor: Scale mail        |    42 |    23 |    36 ||   101
Dodge: Dodged            |    29 |    46 |    28 ||   103
Block: Shield            |    70 |    87 |   129 ||   286
